 Dungeon Crawl Stone Soup version 0.29.1-13-g9f3cf754e1 (webtiles) character file.

Game seed: 8578615577020900202

761477 theswoord the Conqueror (level 27, -6/179 HPs)
             Began as a Gargoyle Fighter on Feb 8, 2023.
             Was the Champion of Hepliaklqana.
             Killed from afar by a Brimstone Fiend (41 damage)
             ... with damnation
             ... in Pandemonium.
             The game lasted 02:52:54 (64450 turns).

theswoord the Conqueror (Gargoyle Fighter)         Turns: 64450, Time: 02:52:54

Health: -6/179     AC: 61    Str: 31    XL:     27
Magic:  0/40       EV: 15    Int: 20    God:    Hepliaklqana [******]
Gold:   7539       SH: 31    Dex: 15    Spells: 49/52 levels left

rFire   + + +      SeeInvis +   N - +9 sacred scourge (holy)
rCold   + + +      Faith    .   A - +7 tower shield "Ymiluasa" {Drain Int+8}
rNeg    + . .      Spirit   +   c - +8 gold dragon scales
rPois   ∞          Reflect  .   I - +1 helmet {SInv}
rElec   +          Harm     +   P - scarf {harm}
rCorr   +          Rampage  +   y - +0 pair of gloves {infuse}
Will    ++++.      Clarity  +   J - +0 pair of boots {rampage}
Stlth   ..........              B - amulet of the Catfish {Spirit rF+ rCorr}
HPRegen 0.39/turn               w - ring of Boafirch {+Blink rF+ rC+++ Will+}
MPRegen 0.27/turn               M - ring "Faup" {rPois rF+++ Will+ Str+6 Stlth+}

@: sluggish, flying, studying 3 skills, very slow
A: reduced essence, sickness immunity, AC +20, big wings, negative energy
resistance 1, electricity resistance, torment resistance 1, petrification
resistance, claws 1, clarity
}: 7/15 runes: decaying, serpentine, slimy, silver, abyssal, demonic, glowing
a: Renounce Religion, Evoke Blink, Recall Ancestor, Ancestor Identity,
Transference, Idealise


You were in Pandemonium.
You worshipped Hepliaklqana.
Hepliaklqana was exalted by your worship.
You visited 10 branches of the dungeon, and saw 48 of its levels.
You visited Pandemonium 1 time, and saw 10 of its levels.
You visited the Abyss 1 time.
You visited 1 ziggurat, and saw 12 of its levels.
You also visited: Trove, Sewer and Gauntlet.

You collected 10944 gold pieces.
You spent 3405 gold pieces at shops.

Inventory:

Hand Weapons
 b - a +5 demon whip of freezing
 h - the +10 flail "Okutiw" {freeze, Str+4}
   (You bought it in a shop on level 3 of the Snake Pit)

   It freezes those it strikes, dealing additional cold damage.
   It can also slow down cold-blooded creatures.
   Str:       It affects your strength (+4).
 x - a +9 vampiric eveningstar
 N - a +9 sacred scourge of holy wrath (weapon)
Armour
 c - +8 gold dragon scales (worn)
 o - a +1 cloak of willpower
 y - a +0 pair of gloves of infusion (worn)
 A - the +7 tower shield "Ymiluasa" (worn) {Drain Int+8}
   (You found it on level 14 of the Dungeon)

   Int:       It affects your intelligence (+8).
   Drain:     It drains your maximum health when unequipped.
 E - a +2 hat of stealth
 I - a +1 helmet of see invisible (worn)
 J - a +0 pair of boots of rampaging (worn)
 P - a scarf of harm (worn)
Jewellery
 i - the ring of Ocsyecser {rF+ Str+4 Int+4 Slay+2}
   (You found it on level 7 of a ziggurat)

   [ring of protection from fire]

   Str:       It affects your strength (+4).
   Int:       It affects your intelligence (+4).
   Slay:      It affects your accuracy & damage with ranged weapons and melee
   (+2).
   rF:        It protects you from fire.
 v - an amulet of regeneration
 w - the ring of Boafirch (left hand) {+Blink rF+ rC+++ Will+}
   (You found it on level 9 of a ziggurat)

   [ring of protection from fire]

   rF:        It protects you from fire.
   rC:        It renders you almost immune to cold.
   +Blink:    It lets you blink.
   Will:      It increases your willpower.
 B - the amulet of the Catfish (around neck) {Spirit rF+ rCorr}
   (You found it on level 11 of a ziggurat)

   [amulet of guardian spirit]

   It causes incoming damage to be divided between your reserves of health and
   magic.
   rF:        It protects you from fire.
   rCorr:     It protects you from acid and corrosion.
 F - a +4 ring of slaying
 K - a ring of protection from cold
 M - the ring "Faup" (right hand) {rPois rF+++ Will+ Str+6 Stlth+}
   (You found it in a treasure trove)

   [ring of strength]

   Str:       It affects your strength (+6).
   rF:        It renders you almost immune to fire.
   rPois:     It protects you from poison.
   Will:      It increases your willpower.
   Stlth:     It makes you more stealthy.
 Z - a ring of see invisible
Wands
 a - a wand of digging (12)
 q - a wand of iceblast (12)
 t - a wand of charming (12)
 U - a wand of mindburst (13)
Scrolls
 e - 11 scrolls of teleportation
 k - 3 scrolls of torment
 p - 6 scrolls of fog
 s - 3 scrolls of amnesia
 C - 10 scrolls of poison
 D - 2 scrolls of enchant weapon
 G - 5 scrolls of vulnerability
 H - a scroll of immolation
 O - 6 scrolls of fear
 Q - 12 scrolls of magic mapping
 T - 4 scrolls of blinking
 V - 3 scrolls of enchant armour
 X - 2 scrolls of silence
Potions
 d - 5 potions of magic
 f - 6 potions of cancellation
 g - 12 potions of lignification
 j - 3 potions of resistance
 l - 4 potions of attraction
 m - 23 potions of curing
 n - 4 potions of berserk rage
 r - 12 potions of brilliance
 u - 3 potions of haste
 L - 2 potions of mutation
 R - 4 potions of ambrosia
 S - a potion of invisibility


   Skills:
 O Level 27 Fighting
 - Level 21.7 Maces & Flails
 - Level 24.6 Armour
 - Level 19.4 Dodging
 + Level 0.0 Stealth
 - Level 24.5 Shields
 - Level 13.0 Spellcasting
 - Level 7.4 Air Magic
 - Level 16.1 Invocations


You had 49 spell levels left.
You knew the following spells:

 Your Spells              Type           Power      Damage    Failure   Level
a - Swiftness             Air            42%        N/A       6%          3

Your spell library contained the following spells:

 Spells                   Type           Power      Damage    Failure   Level
 Shock                    Conj/Air       100%       1d9       9%          1
 Poisonous Vapours        Pois/Air       54%        N/A       14%         2
 Static Discharge         Conj/Air       27%        3-7/arc   14%         2
 Airstrike                Air            21%        2d(3-19)  19%         4
 Apportation              Tloc           26%        N/A       38%         1
 Freeze                   Ice            52%        1d7       38%         1
 Magic Dart               Conj           52%        1d5       38%         1
 Necrotise                Necr           52%        1d6       38%         1
 Sandblast                Erth           26%        2d8       38%         1
 Slow                     Hex            52%        N/A       38%         1
 Sting                    Tmut/Pois      52%        1d5       38%         1
 Summon Small Mammal      Summ           52%        N/A       38%         1
 Blink                    Tloc           26%        N/A       52%         2
 Passwall                 Tmut/Erth      10%        N/A       52%         2
 Searing Ray              Conj           26%        2d5       52%         2
 Summon Lightning Spire   Summ/Air       27%        N/A       65%         4
 Call Canine Familiar     Summ           13%        N/A       77%         3
 Confusing Touch          Hex            13%        N/A       77%         3
 Dazzling Flash           Conj/Hex       26%        N/A       77%         3
 Frozen Ramparts          Ice            26%        1d4       77%         3
 Ignite Poison            Fire/Tmut/Pois 13%        N/A       77%         3
 Inner Flame              Hex/Fire       13%        N/A       77%         3
 Ozocubu's Armour         Ice            13%        N/A       77%         3
 Portal Projectile        Hex/Tloc       26%        N/A       77%         3
 Spider Form              Tmut/Pois      13%        N/A       77%         3
 Stone Arrow              Conj/Erth      26%        3d8       77%         3
 Summon Guardian Golem    Hex/Summ       13%        N/A       77%         3
 Tukima's Dance           Hex            13%        N/A       77%         3
 Vampiric Draining        Necr           13%        2d6       77%         3
 Corpse Rot               Necr/Pois/Air  22%        N/A       83%         4
 Lightning Bolt           Conj/Air       13%        1d27      94%         5
 Silence                  Hex/Air        13%        N/A       94%         5
 Anguish                  Hex/Necr       6%         N/A       99%         4
 Animate Armour           Summ/Erth      26%        N/A       99%         4
 Animate Dead             Necr           13%        N/A       99%         4
 Cause Fear               Hex            6%         N/A       99%         4
 Fulminant Prism          Conj/Hex       6%         3d7       99%         4
 Hailstorm                Conj/Ice       13%        3d5       99%         4
 Ice Form                 Ice/Tmut       13%        N/A       99%         4
 Iskenderun's Mystic Bla  Conj/Tloc      13%        2d5       99%         4
 Leda's Liquefaction      Hex/Erth       6%         N/A       99%         4
 Olgreb's Toxic Radiance  Pois           13%        N/A       99%         4
 Passage of Golubria      Tloc           13%        N/A       99%         4
 Petrify                  Tmut/Erth      13%        N/A       99%         4
 Agony                    Necr           13%        N/A       100%        5
 Alistair's Intoxication  Tmut/Pois      8%         N/A       100%        5
 Blade Hands              Tmut           6%         N/A       100%        5
 Borgnjor's Vile Clutch   Necr/Erth      6%         N/A       100%        5
 Fireball                 Conj/Fire      6%         3d5       100%        5
 Irradiate                Conj/Tmut      6%         3d13      100%        5
 Iskenderun's Battlesphe  Conj           13%        2d7       100%        5
 Lee's Rapid Deconstruct  Erth           6%         3d7*      100%        5
 Manifold Assault         Tloc           13%        N/A       100%        5
 Metabolic Englaciation   Hex/Ice        6%         N/A       100%        5
 Summon Forest            Summ/Tloc      6%         N/A       100%        5
 Summon Mana Viper        Hex/Summ       13%        N/A       100%        5
 Conjure Ball Lightning   Conj/Air       13%        3x3d6     100%        6
 Death Channel            Necr           6%         N/A       100%        6
 Eringya's Noxious Bog    Tmut/Pois      6%         N/A       100%        6
 Iron Shot                Conj/Erth      6%         9d2       100%        6
 Simulacrum               Ice/Necr       6%         N/A       100%        6
 Starburst                Conj/Fire      6%         6d4       100%        6
 Summon Cactus Giant      Summ           6%         N/A       100%        6
 Dragon Form              Tmut           6%         N/A       100%        7
 Haunt                    Necr/Summ      6%         N/A       100%        7
 Malign Gateway           Summ/Tloc      6%         N/A       100%        7
 Orb of Destruction       Conj           6%         9d6       100%        7
 Ozocubu's Refrigeration  Ice            6%         4d8       100%        7
 Spellforged Servitor     Conj/Summ      6%         N/A       100%        7
 Storm Form               Tmut/Air       13%        N/A       100%        7
 Borgnjor's Revivificati  Necr           6%         N/A       100%        8
 Discord                  Hex            6%         N/A       100%        8
 Ignition                 Fire           6%         3d4       100%        8
 Lehudib's Crystal Spear  Conj/Erth      6%         10d3      100%        8
 Necromutation            Tmut/Necr      6%         N/A       100%        8
 Summon Horrible Things   Summ           6%         N/A       100%        8
 Death's Door             Necr           6%         N/A       100%        9
 Fire Storm               Conj/Fire      6%         8d2       100%        9
 Sublimation of Blood     Necr           Unusable   N/A       N/A         2
 Statue Form              Tmut/Erth      Unusable   N/A       N/A         6

Dungeon Overview and Level Annotations

Branches:
Dungeon (15/15)            Temple (1/1) D:7            Lair (5/5) D:9
  Swamp (4/4) Lair:3        Snake (4/4) Lair:2        Slime (5/5) Lair:4
    Orc (2/2) D:10            Elf (3/3) Orc:2        Vaults (5/5) D:14
  Crypt (0/3) Vaults:2     Depths (4/4) D:15            Zot (0/5) Depths:4
  Sewer (visited)         Gauntlet (visited)

Altars:
Ashenzari
Cheibriados
Dithmenos
Elyvilon
Fedhas
Gozag
Hepliaklqana
Kikubaaqudgha
Makhleb
Nemelex Xobeh
Okawaru
Qazlal
Ru
Sif Muna
Trog
Uskayaw
Vehumet
Wu Jian
Xom
Yredelemnul
Zin
The Shining One
Jiyva
Lugonu

Shops:
D:5 *   D:9 ?   D:14 (   Orc:1 ?   Orc:2 ([*(   Elf:2 (   Snake:3 (
Snake:4 :*

Portals:
Hell: Lair:5 Depths:1 Depths:2 Depths:3 Depths:4
Abyss: Lair:5 Depths:1 Depths:3
Pandemonium: Depths:2

Annotations:
Lair:5 1 transporter, Discosetron's ghost, journeyman MiHu
Depths:2 1 runed translucent door
Pan Cerebov


Innate Abilities, Weirdness & Mutations

Your life essence is reduced to manifest your ancestor. (-10% HP)
You are immune to sickness and miasma.
Your stone body is resilient. (AC +20)
You are immune to poison.
Your large and strong wings let you fly.
You resist negative energy. (rN+)
You are resistant to electric shocks. (rElec)
You are resistant to unholy torment.
You are immune to petrification.
You have sharp fingernails.
You possess an exceptional clarity of mind.


Message History

You rampage towards the orange demon!
You whack the orange demon!
The orange demon convulses.
The orange demon is lightly wounded.
You block the orange demon's attack. x2
You thrash the orange demon!!
The orange demon convulses!!
You kill the orange demon!
You rampage towards the sun demon!
You block the sun demon's attack. x2
You closely miss the sun demon. You hit the sun demon but do no damage.
You block the sun demon's attack.
You thrash the sun demon!!
The sun demon convulses!
The sun demon is almost dead.
You hear a shout!
You hear a roar!
An efreet comes into view.
It is wielding a +1 scimitar of flaming.
You whack the sun demon!
You kill the sun demon!
The efreet gestures at you.
The fireball explodes!
The fireball engulfs you. You resist.
* * * LOW HITPOINT WARNING * * *
A balrug comes into view.
It is wielding a +2 demon whip of draining.
The efreet gestures at you.
The bolt of fire hits the balrug.
The balrug completely resists.
The bolt of fire hits you but does no damage.
The balrug gestures at you. The bolt of fire hits you. You resist.
The efreet gestures at you.
The bolt of fire hits the balrug.
The balrug completely resists.
The bolt of fire hits you but does no damage.
The balrug gestures at you.
The fireball explodes!
The fireball engulfs you but does no damage.
You hear a shout! x2
There is an open door here.
You reach down and close the door.
A sun demon opens the door.
You see here a manual of Stealth.
Something appears at your feet!
Something unseen breaks down the door.
You pick up a manual of Stealth and begin studying.
Ahhotep emerges from the mists of memory!
The Brimstone Fiend gestures at you.
The sphere of damnation explodes!
The damnation engulfs you!!!
You die...

1.....#####.#
............#
...........?#
............# 3
............# ...
........[...#######..○○3
.......1..1R...2.R°○....
.......####'######☼.....
.......#....@....# .....
.......#......?..# ....
......#.........# ###
... #.......3.#
#########'# ... ..# .#


You could see the friendly Ahhotep the battlemage, a Brimstone Fiend (ally
target) and a sun demon.

Vanquished Creatures
  Mnoleg (Pan)
  A juggernaut (Depths:2)
  Mara (Snake:4)
  Boris (Vaults:5)
  4 shard shrikes
  Bai Suzhen (Swamp:4)
  6 golden dragons
  5 pandemonium lords (Pan)
  2 caustic shrikes
  The ghost of Imio the Warrior, an adept DgCj (Depths:3)
  The ghost of p0werm0de the Brawler, an adept PaIE of Jiyva (Depths:4)
  Jory (Vaults:5)
  2 Brimstone Fiends (Pan)
  2 bone dragons
  2 tentacled monstrosities (Pan)
  2 hellephants (Vaults:4)
  12 Ice Fiends
  Jorgrun (Elf:2)
  A Hell Sentinel (Pan)
  A walking divine tome (Depths:3)
  Asterion (Vaults:1)
  2 liches
  3 quicksilver dragons (Vaults:5)
  A deep elf master archer (Elf:3)
  2 titans (Vaults:5)
  3 deep elf blademasters
  3 ancient champions
  22 acid blobs
  4 sphinxes
  6 tentacled starspawn
  The ghost of Razfen the Cruncher, an adept GnWn of Ashenzari (Snake:3)
  3 storm dragons
  Kirke (Snake:4)
  5 tengu reavers
  9 Executioners (Pan)
  Agnes (Elf:2)
  A thorn hunter (Swamp:4)
  5 shadow dragons
  A draconian monk (Zig:2)
  4 nagarajas
  7 rockslimes
  4 demonspawn warmongers (Pan)
  11 azure jellies
  8 frost giants
  2 iron dragons (Depths:3)
  5 fire giants
  3 narguns (Zig:11)
  2 orc warlords
  3 deep elf sorcerers
  A draconian knight (Zig:10)
  18 cacodemons (Pan)
  12 vault wardens
  A caustic shrike zombie (Abyss:2)
  Aizul (Snake:4)
  A deep elf elementalist (Elf:3)
  17 balrugs
  An angel (Pan)
  3 ghost moths (Pan)
  3 demonspawn corrupters (Pan)
  A draconian stormcaller (Depths:4)
  16 very ugly things
  12 ironbound preservers
  13 stone giants
  A draconian annihilator (Depths:4)
  3 war gargoyles
  3 spriggan defenders (Depths:2)
  7 quicksilver oozes
  2 reapers (Pan)
  A broodmother (Zig:6)
  2 ironbound thunderhulks
  4 demonspawn blood saints (Pan)
  5 vampire knights
  7 deep elf demonologists
  A green draconian (Depths:4)
  10 demonspawn black suns (Pan)
  Azrael (D:14)
  A yellow draconian (Depths:4)
  4 dire elephants
  2 eleionomae
  2 black draconians
  A bunyip (shapeshifter) (Vaults:5)
  18 lorocyprocas (Pan)
  2 wendigos (Zig:11)
  A minotaur (shapeshifter) (Vaults:5)
  4 deep elf annihilators (Elf:3)
  A minotaur (Gauntlet)
  A spark wasp (Depths:1)
  A purple draconian (Depths:4)
  A white draconian (Zig:2)
  A crystal guardian (Vaults:4)
  12 blizzard demons (Pan)
  7 ettins
  An eidolon (Zig:12)
  6 green deaths (Pan)
  A mummy priest (Zig:5)
  5 deep elf death magi
  3 jiangshi (Depths:4)
  9 yaktaur captains
  A quicksilver dragon skeleton (Abyss:2)
  3 deep elf high priests
  A shambling mangrove (Swamp:2)
  A great orb of eyes (shapeshifter) (Gauntlet)
  10 great orbs of eyes
  2 rakshasas
  5 fire dragons
  4 ice dragons
  A hell beast (Pan)
  3 boulder beetles
  A juggernaut simulacrum (Pan)
  2 peacekeepers (Vaults:4)
  26 vault guards
  3 spriggan air magi
  19 hydras
  8 ironbound frosthearts
  6 alligators
  A catoblepas (D:15)
  8 anacondas
  10 two-headed ogres
  3 salamander tyrants (Snake:1)
  8 naga warriors
  4 ogre magi
  8 centaur warriors
  19 dancing weapons
  6 death yaks
  8 deep troll shamans
  4 tengu warriors
  3 vampire magi
  16 naga sharpshooters
  5 thrashing horrors
  6 deep troll earth magi
  5 shock serpents
  32 soul eaters
  Urug (D:13)
  56 sun demons
  6 salamander mystics
  9 deep elf knights
  Amaemon (Lair:1)
  24 hell knights
  19 sixfirhies
  3 wretched stars
  A goliath frog (shapeshifter) (Vaults:5)
  5 iron trolls
  A shadow wraith (Abyss:2)
  A spatial maelstrom (Abyss:2)
  2 glowing orange brains
  8 skeletal warriors
  2 goliath frogs (Swamp:2)
  5 naga ritualists
  A flayed ghost (Abyss:2)
  4 spriggan druids
  11 swamp dragons
  7 shadow demons
  2 deep elf archers
  4 wizards
  5 orc knights
  9 lindwurms
  An obsidian statue (Zig:4)
  58 deep trolls
  2 spriggan simulacra
  4 bog bodies
  4 harpies
  17 deep elf zephyrmancers
  A lindwurm (shapeshifter) (Gauntlet)
  An orange crystal statue (Zig:4)
  2 necromancers (Depths:3)
  13 ironbound convokers
  A phantasmal warrior (Vaults:5)
  2 oklob plants
  5 shining eyes
  16 deep elf pyromancers
  29 ugly things
  2 will-o-the-wisps (Swamp:4)
  A worldbinder (Abyss:2)
  44 large abominations
  2 orc sorcerers
  7 mana vipers
  A moth of wrath (shapeshifter) (Vaults:5)
  3 cyclopes
  A manticore (D:11)
  An apocalypse crab (Abyss:2)
  12 salamanders
  3 elephants (Lair:2)
  Maurice (D:8)
  13 naga magi
  8 vault sentinels
  19 black mambas
  6 ice statues
  4 rust devils
  7 guardian serpents
  22 smoke demons
  5 cane toads
  Maggie (D:8)
  7 hellions (Pan)
  28 orange demons
  An unseen horror (D:10)
  7 ice devils
  6 komodo dragons
  6 rime drakes
  2 ancient zymes
  2 tengu conjurers
  A freezing wraith (Vaults:5)
  2 guardian mummies
  26 demonic crawlers (Pan)
  An efreet (Abyss:2)
  23 yaktaurs
  9 tormentors (Pan)
  15 trolls
  12 hornets
  3 polar bears
  A polar bear (shapeshifter) (D:14)
  16 hellwings
  4 red devils
  4 tyrant leeches
  A harpy zombie (Abyss:2)
  A wind drake (shapeshifter) (Gauntlet)
  An iron dragon simulacrum (Zig:10)
  Prince Ribbit (D:6)
  A raiju (shapeshifter) (Elf:2)
  31 slime creatures
  9 raiju (Abyss:2)
  5 blink frogs
  Sigmund (D:2)
  2 air elementals
  2 wyverns
  11 spriggans
  27 yaks
  2 ushabtiu (Zig:5)
  2 wraiths
  22 ynoxinuls
  5 golden eyes
  9 humans (D:14)
  A fire bat (shapeshifter) (Gauntlet)
  Eustachio (D:6)
  A fire bat (Abyss:2)
  4 hogs (Snake:4)
  2 fire elementals (Elf:1)
  2 basilisks
  27 chaos spawn
  A redback (Vaults:2)
  33 neqoxecs
  9 vampire mosquitoes
  Menkaure (D:7)
  42 nagas
  4 wargs (Orc:1)
  10 swamp worms
  4 spatial vortices
  16 water moccasins
  15 hell hounds
  3 acid dragons
  2 swamp drakes (Swamp:4)
  11 orc warriors
  3 sky beasts
  4 ice beasts
  17 ogres
  8 boggarts
  3 wolves
  2 centaurs
  A phantom (D:5)
  4 kobold brigands
  7 bullfrogs
  2 scorpions
  An earth elemental (Elf:3)
  2 necrophages
  4 killer bees (D:11)
  A quasit (Abyss:2)
  8 small abominations (Abyss:2)
  Crazy Yiuf (D:2)
  25 starcursed masses
  10 orc priests
  A hound (D:6)
  5 jellies
  3 iguanas
  5 iron imps
  4 orc wizards
  4 gnolls
  10 adders
  6 river rats (Sewer)
  2 white imps
  5 ufetubi
  A dart slug (D:1)
  27 orcs
  3 endoplasms
  2 giant cockroaches
  11 goblins
  A hobgoblin (D:1)
  6 jackals
  31 kobolds
  6 quokkas
  12 ball pythons
  4 bats
  3 frilled lizards
  20 rats
  5 starspawn tentacles
1928 creatures vanquished.

Vanquished Creatures (collateral kills)
  the Royal Jelly (Slime:5)
  2 pandemonium lords (Pan)
  A royal mummy (Zig:5)
  Boris (Depths:4)
  Vashnia (Snake:4)
  7 caustic shrikes
  A golden dragon (Depths:4)
  2 bone dragons (Zig:12)
  3 Ice Fiends (Pan)
  A lich (D:15)
  2 titans
  A deep elf master archer (Elf:3)
  2 sphinxes
  3 tentacled starspawn
  An Executioner (Pan)
  12 acid blobs
  4 tengu reavers
  7 shadow dragons
  5 nagarajas
  8 azure jellies
  6 rockslimes
  2 demonspawn warmongers (Pan)
  An emperor scorpion (Zig:6)
  4 fire giants
  2 daevas (Abyss:2)
  A draconian knight (Zig:10)
  4 deep elf sorcerers
  2 frost giants
  A spectral juggernaut (Depths:3)
  7 vault wardens
  6 balrugs
  4 ghost moths
  9 cacodemons
  2 deep elf elementalists
  Louise (Snake:2)
  6 ironbound preservers
  A demonspawn corrupter (Pan)
  6 stone giants
  4 ironbound thunderhulks
  2 war gargoyles
  2 quicksilver oozes (Slime:5)
  A vampire knight (Depths:1)
  5 very ugly things
  A green draconian (Depths:4)
  2 deep elf demonologists (Elf:3)
  3 deep elf annihilators
  A yellow draconian (Depths:4)
  3 lorocyprocas (Pan)
  An eleionoma (Swamp:4)
  2 spark wasps
  4 demonspawn black suns (Pan)
  2 entropy weavers
  5 ettins
  3 dire elephants
  A shambling mangrove (Swamp:3)
  4 blizzard demons
  2 deep elf death magi (Depths:1)
  8 great orbs of eyes
  4 green deaths (Pan)
  3 fire dragons
  6 rakshasas
  4 yaktaur captains
  2 deep elf high priests
  2 spriggan air magi
  4 boulder beetles
  A great orb of eyes (shapeshifter) (Depths:2)
  4 salamander tyrants
  A quicksilver dragon skeleton (Abyss:3)
  A juggernaut simulacrum (Pan)
  2 centaur warriors (Vaults:3)
  3 vault guards
  The ghost of Frank the Slicer, a journeyman OpFi of Gozag (D:12)
  An anaconda (Snake:4)
  An ogre mage (Vaults:5)
  7 hydras
  A spriggan skeleton (Depths:1)
  3 ironbound frosthearts
  2 catoblepae
  2 alligators (Swamp:2)
  5 naga warriors
  5 death yaks
  A deep troll shaman (Depths:2)
  A vampire mage (Depths:3)
  10 dancing weapons
  3 shock serpents
  2 spriggan berserkers
  5 deep troll earth magi
  A hell hog (Zig:9)
  3 naga sharpshooters
  An iron troll (Depths:2)
  A storm dragon zombie (Zig:5)
  6 soul eaters
  14 sun demons
  15 deep elf knights
  10 hell knights
  5 sixfirhies
  2 shadow wraiths
  A spatial maelstrom (Abyss:3)
  4 wretched stars
  4 skeletal warriors
  5 salamander mystics
  3 shadow demons (Pan)
  A swamp dragon (Swamp:4)
  6 glowing orange brains
  A death drake (Swamp:2)
  4 spriggan druids
  26 deep trolls
  10 ironbound convokers
  5 naga ritualists
  10 wizards
  16 starcursed masses
  An orange crystal statue (Elf:2)
  A bog body (Swamp:3)
  A flayed ghost (Zig:12)
  6 deep elf archers
  An obsidian statue (Zig:4)
  5 harpies
  A necromancer (Depths:1)
  11 deep elf pyromancers
  5 phantasmal warriors
  3 lindwurms (Vaults:1)
  4 mana vipers
  A shining eye (Slime:3)
  7 deep elf zephyrmancers
  An orc sorcerer (Orc:1)
  2 will-o-the-wisps
  14 ugly things
  2 cyclopes
  A manticore (D:12)
  2 worldbinders
  3 ice statues
  4 guardian serpents
  4 salamanders
  A fire giant skeleton (Depths:1)
  An apocalypse crab (Abyss:3)
  A rust devil (Depths:2)
  2 elephants (Lair:2)
  9 vault sentinels
  13 black mambas
  A torpor snail (Zig:6)
  2 eyes of devastation
  5 smoke demons
  A gargoyle (D:11)
  6 naga magi
  13 orange demons
  4 cane toads
  A hellion (Pan)
  2 rime drakes
  3 demonic crawlers (Pan)
  A tengu conjurer (D:14)
  8 ice devils
  A komodo dragon (Lair:4)
  5 tormentors
  17 yaktaurs
  A freezing wraith (Abyss:2)
  5 hellwings
  2 ancient zymes
  2 red devils
  A troll (Orc:2)
  2 polar bears
  9 hornets
  3 tyrant leeches
  42 slime creatures
  A spriggan zombie (Depths:1)
  A tarantella (Zig:6)
  A tarantella (shapeshifter) (Elf:3)
  A raiju (Abyss:2)
  A dream sheep (shapeshifter) (Vaults:5)
  A flying skull (Zig:5)
  2 wraiths (D:12)
  An air elemental (Elf:1)
  A hog (Snake:4)
  6 spriggans
  A vampire (D:12)
  2 wyverns
  11 ynoxinuls
  A basilisk (D:13)
  11 yaks
  5 chaos spawn (Pan)
  3 golden eyes (Pan)
  A fire elemental (Elf:3)
  A redback (shapeshifter) (Vaults:5)
  20 neqoxecs
  7 vampire mosquitoes
  21 nagas
  A redback (Zig:6)
  2 spatial vortices (Abyss:2)
  3 swamp worms
  A floating eye (Slime:5)
  3 hell hounds (Pan)
  18 large abominations
  A swamp drake (Swamp:4)
  6 water moccasins
  An ice beast (Zig:10)
  A black bear (Lair:2)
  An orc warrior (Orc:1)
  3 ogres (Orc:2)
  A boggart (Lair:3)
  A wolf (Lair:2)
  A kobold brigand (D:9)
  2 small abominations (Abyss:2)
  2 bullfrogs
  An earth elemental (Elf:2)
  A floating eye simulacrum (Zig:10)
  2 killer bees (D:11)
  2 electric eels (Elf:3)
  A jelly (Lair:4)
  3 orc priests
  An iron imp (Gauntlet)
  3 orc wizards
  2 mummies (Zig:5)
  A white imp (Abyss:2)
  5 ufetubi
  5 orcs
  An endoplasm (Lair:4)
  A kobold (D:9)
  4 starspawn tentacles
852 creatures vanquished.

Vanquished Creatures (others)
  A wendigo (Zig:11)
  A deep elf death mage (Zig:12)
  A blizzard demon (Pan)
  A vampire mage (Zig:12)
  A deep elf knight (Elf:2)
  3 deep elf zephyrmancers
  A phantasmal warrior (Vaults:5)
  A smoke demon (Pan)
  2 bloated husks
  A human (D:14)
  2 chaos spawn (Pan)
  A small abomination (Abyss:2)
  A human simulacrum (Zig:11)
  64 battlemagi
  A briar patch (Swamp:4)
  12 foxfires
  31 fungi
  A lurking horror (Abyss:2)
  41 plants
  18 starspawn tentacles
185 creatures vanquished.

Grand Total: 2965 creatures vanquished

Notes
Turn   | Place    | Note
-------+----------+-------------------------------------------
     0 | D:1      | theswoord the Gargoyle Fighter began the quest for the Orb.
     0 | D:1      | Reached XP level 1. HP: 14/14 MP: 1/1
   139 | D:1      | Reached XP level 2. HP: 17/19 MP: 2/2
   686 | D:1      | Reached XP level 3. HP: 15/23 MP: 3/3
  1694 | D:2      | Found a bloodstained altar of Trog.
  1737 | D:2      | Found a faded altar of an unknown god.
  1749 | D:2      | Reached XP level 4. HP: 28/28 MP: 4/4
  1760 | D:2      | Noticed Sigmund
  1783 | D:2      | Killed Sigmund
  1784 | D:2      | Reached XP level 5. HP: 11/32 MP: 5/5
  1784 | D:2      | Reached XP level 6. HP: 13/37 MP: 6/6
  2125 | D:2      | Found a runed translucent door.
  2126 | D:2      | Noticed Crazy Yiuf
  2501 | D:2      | Killed Crazy Yiuf
  3521 | D:4      | Found a sparkling altar of Nemelex Xobeh.
  3617 | D:4      | Got Oset's Octavo of the Stinger
  3764 | D:4      | Found a broken altar of Ashenzari.
  3768 | D:4      | Saw a vision of the Swamp and the Snake Pit.
  3768 | D:4      | Noticed a black mamba
  3768 | D:4      | Noticed a naga
  3768 | D:4      | Noticed a naga
  3768 | D:4      | Noticed a tyrant leech
  3768 | D:4      | Noticed a bog body
  3768 | D:4      | Noticed a swamp drake
  3768 | D:4      | Noticed a spriggan druid
  3768 | D:4      | Noticed a black mamba
  3769 | D:4      | Noticed a naga sharpshooter
  3769 | D:4      | Noticed a salamander
  3769 | D:4      | Noticed a bunyip
  3771 | D:4      | Noticed a bog body
  3842 | D:4      | Found a glowing drain.
  3855 | Sewer    | Entered a sewer
  3913 | Sewer    | Reached XP level 7. HP: 31/41 MP: 7/7
  4872 | D:5      | Entered Level 5 of the Dungeon
  4999 | D:5      | Reached XP level 8. HP: 36/46 MP: 8/8
  5392 | D:5      | Identified 3 scrolls of acquirement
  5392 | D:5      | Acquired the +1 pair of gloves "Jiadeila" {Regen+ Str-4
                  | Stlth+}
  5394 | D:5      | Acquired a manual of Fighting
  5395 | D:5      | Acquired a +5 eveningstar of protection
  5668 | D:5      | Found Adoubb's Assorted Antiques.
  6065 | D:6      | Found a snail-covered altar of Cheibriados.
  6065 | D:6      | Found a bloodstained altar of Trog.
  6069 | D:6      | Reached skill level 10 in Maces & Flails
  6084 | D:6      | Noticed Prince Ribbit
  6092 | D:6      | Killed Prince Ribbit
  6118 | D:6      | You fall into a shaft and drop 2 floors!
  6130 | D:7      | Noticed Menkaure
  6134 | D:7      | Killed Menkaure
  6187 | D:6      | Noticed Eustachio
  6203 | D:6      | Killed Eustachio
  6224 | D:6      | Reached XP level 9. HP: 49/51 MP: 9/9
  6402 | D:6      | Found a blossoming altar of Fedhas.
  7192 | D:7      | Found a staircase to the Ecumenical Temple.
  7247 | Temple   | Entered the Ecumenical Temple
  7262 | Temple   | Became a worshipper of Hepliaklqana the Forgotten
  7530 | D:8      | Reached skill level 4 in Fighting
  7545 | D:8      | Reached skill level 5 in Fighting
  7724 | D:8      | Noticed Maurice
  7739 | D:8      | Killed Maurice
  7740 | D:8      | Reached skill level 6 in Fighting
  7828 | D:8      | Noticed Maggie
  7836 | D:8      | Killed Maggie
  7837 | D:8      | Reached skill level 7 in Fighting
  7837 | D:8      | Reached XP level 10. HP: 63/63 MP: 10/10
  7947 | D:9      | Found a staircase to the Lair.
  8078 | D:9      | Reached skill level 8 in Fighting
  8096 | D:9      | Found a glowing golden altar of the Shining One.
  8114 | D:9      | Reached * piety under Hepliaklqana
  8157 | D:9      | Found Coproys's Magic Scroll Boutique.
  8416 | D:9      | Acquired 1189 gold pieces
  8499 | D:10     | Entered Level 10 of the Dungeon
  8537 | D:10     | Found a white marble altar of Elyvilon.
  8632 | D:10     | Found a staircase to the Orcish Mines.
  8673 | D:10     | Reached skill level 9 in Fighting
  9106 | D:10     | Killed an unseen horror
  9150 | D:10     | Reached ** piety under Hepliaklqana
  9151 | D:10     | Remembered your ancestor Ahhotep as a battlemage
  9549 | Lair:1   | Entered Level 1 of the Lair of Beasts
  9557 | Lair:1   | Noticed Amaemon
  9563 | Lair:1   | Noticed an orange demon
  9572 | Lair:1   | Reached skill level 10 in Fighting
  9585 | Lair:1   | Killed Amaemon
  9586 | Lair:1   | Reached skill level 15 in Maces & Flails
  9586 | Lair:1   | Reached XP level 11. HP: 45/65 MP: 11/11
  9593 | Lair:1   | Reached skill level 11 in Fighting
  9665 | Lair:1   | Noticed a catoblepas
  9681 | Lair:1   | Killed a catoblepas
  9682 | Lair:1   | Reached skill level 12 in Fighting
 10153 | Lair:2   | Noticed an oklob plant
 10167 | Lair:2   | Killed an oklob plant
 10178 | Lair:2   | Reached skill level 1 in Invocations
 10201 | Lair:2   | Found a staircase to the Snake Pit.
 10208 | Lair:2   | Reached skill level 1 in Dodging
 10291 | Lair:2   | Reached *** piety under Hepliaklqana
 10436 | Lair:2   | Reached skill level 13 in Fighting
 10436 | Lair:2   | Reached XP level 12. HP: 68/75 MP: 13/13
 10452 | Lair:2   | Identified the +3 robe of the Guild-Master {Int+2}
 10544 | Lair:2   | Reached skill level 5 in Armour
 10544 | Lair:2   | Reached skill level 5 in Shields
 11105 | Lair:3   | Noticed an eight-headed hydra
 11162 | Lair:3   | Found a staircase to the Swamp.
 11213 | Lair:3   | Noticed a four-headed hydra
 11215 | Lair:3   | Noticed a death yak
 11217 | Lair:3   | Killed a four-headed hydra
 11229 | Lair:3   | Killed a death yak
 11230 | Lair:3   | Reached skill level 14 in Fighting
 11251 | Lair:3   | Noticed a death yak
 11252 | Lair:3   | Noticed a death yak
 11252 | Lair:3   | Noticed a death yak
 11253 | Lair:3   | Noticed a death yak
 11253 | Lair:3   | Noticed a death yak
 11254 | Lair:3   | Noticed a death yak
 11263 | Lair:3   | Killed a death yak
 11267 | Lair:3   | Killed a death yak
 11268 | Lair:3   | Reached skill level 5 in Invocations
 11273 | Lair:3   | Killed a death yak
 11276 | Lair:3   | Killed a death yak
 11285 | Lair:3   | Killed a death yak
 11291 | Lair:3   | Killed a death yak
 11292 | Lair:3   | Reached XP level 13. HP: 81/81 MP: 15/17
 11958 | Lair:4   | Found a staircase to the Slime Pits.
 11958 | Lair:4   | Found a viscous altar of Jiyva.
 11991 | Lair:4   | Reached skill level 15 in Fighting
 12029 | Lair:4   | Reached **** piety under Hepliaklqana
 12299 | Lair:4   | Reached skill level 5 in Dodging
 12442 | Lair:4   | Identified the +8 great sword of the Bashing Dragonfly
                  | {protect, rElec rF++ Will+ Str-4}
 12826 | Lair:5   | Entered Level 5 of the Lair of Beasts
 13034 | Lair:5   | Found a transporter.
 13230 | Lair:5   | Noticed a rakshasa
 13471 | Lair:5   | Gained mutation: Your large and strong wings let you fly.
                  | [Gargoyle growth]
 13471 | Lair:5   | Reached XP level 14. HP: 83/89 MP: 19/19
 13726 | Lair:5   | Found a burning altar of Makhleb.
 13778 | Lair:5   | Found a one-way gate to the infinite horrors of the Abyss.
 13778 | Lair:5   | Noticed Discosetron's ghost (journeyman MiHu)
 13825 | Lair:5   | Reached skill level 16 in Fighting
 13868 | Lair:5   | Found a gateway to Hell.
 14169 | D:11     | Reached ***** piety under Hepliaklqana
 14600 | D:12     | Found a runed translucent door.
 14609 | D:12     | Noticed Frank's ghost (journeyman OpFi)
 14945 | D:12     | Killed Frank's ghost
 14958 | D:12     | Got the Folio of the Mountains
 15012 | D:13     | Found a gate leading to a gauntlet.
 15017 | Gauntlet | Entered a Gauntlet
 15017 | Gauntlet | Found a transporter.
 15017 | Gauntlet | Found a transporter.
 15021 | Gauntlet | Found a transporter.
 15021 | Gauntlet | Found a transporter.
 15031 | Gauntlet | Found a transporter.
 15050 | Gauntlet | Found a transporter.
 15058 | Gauntlet | Found the +3 warlock's mirror {reflect}
 15060 | Gauntlet | Found a transporter.
 15060 | Gauntlet | Found a transporter.
 15065 | Gauntlet | Found a transporter.
 15092 | Gauntlet | Found a transporter.
 15095 | Gauntlet | Noticed a broodmother
 15095 | Gauntlet | an orb spider changed into a broodmother
 15099 | Gauntlet | Found a transporter.
 15101 | Gauntlet | Noticed a storm dragon
 15117 | Gauntlet | Found a transporter.
 15163 | Gauntlet | Found a transporter.
 15179 | Gauntlet | Found a transporter.
 15283 | Gauntlet | Found a transporter.
 15305 | Gauntlet | Found a transporter.
 15347 | Gauntlet | Noticed an emperor scorpion
 15347 | Gauntlet | a spark wasp changed into an emperor scorpion
 15574 | Gauntlet | Noticed an entropy weaver
 15574 | Gauntlet | a goliath frog changed into an entropy weaver
 15617 | Gauntlet | an entropy weaver changed into a great orb of eyes
 15669 | Gauntlet | Identified the +2 pair of gloves "Dyakelysh" {Rampage rPois
                  | Int-2}
 15748 | Gauntlet | Identified the +6 long sword of Imbalance {flame, *Rage
                  | *Noise rF++ SInv}
 15753 | Gauntlet | HP: 2/90 [minotaur/the +6 long sword of Imbalance {flame,
                  | *Rage *Noise rF++ SInv} (10)]
 15800 | Gauntlet | Identified the +4 rapier of Okawaru's Inspiration {elec,
                  | Dex+7}
 16006 | D:13     | Noticed Urug
 16011 | D:13     | Killed Urug
 16012 | D:13     | Reached skill level 10 in Armour
 16077 | D:13     | Reached skill level 10 in Shields
 16141 | D:13     | Found a sacrificial altar of Ru.
 16438 | D:14     | Reached XP level 15. HP: 60/94 MP: 22/22
 16463 | D:14     | Identified the +7 tower shield "Ymiluasa" {Drain Int+8}
 16468 | D:14     | Found a gate to the Vaults.
 16673 | D:14     | Noticed Azrael
 16719 | D:14     | Killed Azrael
 16727 | D:14     | Reached skill level 10 in Invocations
 17048 | D:14     | Reached skill level 17 in Fighting
 17073 | D:14     | Found Biduytia's Weapon Shoppe.
 17327 | D:15     | Entered Level 15 of the Dungeon
 17528 | D:15     | Found a staircase to the Depths.
 18121 | Orc:1    | Entered Level 1 of the Orcish Mines
 18428 | Orc:1    | Found a transporter.
 18435 | Orc:1    | Noticed an orc warlord
 18445 | Orc:1    | Found a transporter.
 18615 | Orc:1    | Identified the +1 hat of Juuze {Contam rElec Will- Str+9}
 18630 | Orc:1    | Killed an orc warlord
 18709 | Orc:1    | Reached ****** piety under Hepliaklqana
 18737 | Orc:1    | Found Seikk's Magic Scroll Emporium.
 18743 | Orc:1    | Bought a scroll of summoning for 133 gold pieces
 18743 | Orc:1    | Bought a scroll of enchant weapon for 105 gold pieces
 18889 | Orc:2    | Entered Level 2 of the Orcish Mines
 18952 | Orc:2    | Found a staircase to the Elven Halls.
 19190 | Orc:2    | Reached XP level 16. HP: 100/100 MP: 23/23
 19212 | Orc:2    | Found Rompyo's Assorted Antiques.
 19212 | Orc:2    | Found Vydarass's Antique Weapon Shoppe.
 19371 | Orc:2    | Found Umiawn's Antique Weapon Boutique.
 19383 | Orc:2    | Found Meymp's Antique Armour Emporium.
 19425 | Orc:2    | Bought a glowing plate armour for 832 gold pieces
 19757 | Swamp:1  | Entered Level 1 of the Swamp
 20026 | Swamp:1  | Got the Parchment of Amassed Conflict
 20219 | Swamp:2  | Reached skill level 18 in Fighting
 21119 | Swamp:4  | Entered Level 4 of the Swamp
 21138 | Swamp:4  | Reached XP level 17. HP: 107/108 MP: 24/24
 21171 | Swamp:4  | Reached skill level 10 in Dodging
 21399 | Swamp:4  | Noticed Bai Suzhen
 21543 | Swamp:4  | Killed Bai Suzhen
 21594 | Swamp:4  | Got a decaying rune of Zot
 22093 | Snake:1  | Entered Level 1 of the Snake Pit
 22391 | Snake:1  | Reached skill level 19 in Fighting
 22535 | Snake:1  | Found a shimmering blue altar of Sif Muna.
 22539 | Snake:1  | Found a transporter.
 22592 | Snake:1  | Found a broken altar of Ashenzari.
 23179 | Snake:1  | Reached XP level 18. HP: 115/115 MP: 23/25
 23199 | Snake:1  | Identified the -2 pair of boots of the Ant {Will+}
 23213 | Snake:1  | Found a transporter.
 23232 | Snake:1  | Got the Spellbook of Beguiling and the Tempest
 23424 | Snake:2  | Noticed Louise
 23433 | Snake:2  | Killed Louise
 24209 | Snake:2  | Identified the +1 leather armour "Enuobuorr" {*Slow Dex+8}
 24689 | Snake:3  | Found Ryduzxyc's Antique Weapon Boutique.
 24708 | Snake:3  | Reached skill level 15 in Armour
 24753 | Snake:3  | Reached skill level 15 in Shields
 24825 | Snake:3  | Bought a steaming flail for 272 gold pieces
 24825 | Snake:3  | Identified the +10 flail "Okutiw" {freeze, Str+4} (You
                  | bought it in a shop on level 3 of the Snake Pit)
 24852 | Snake:3  | Identified the +7 sling of Doom {speed, Fly Int+5}
 24913 | Snake:3  | Found a runed translucent door.
 24913 | Snake:3  | Noticed Razfen's ghost (adept GnWn)
 25258 | Snake:3  | Killed Razfen's ghost
 25306 | Snake:4  | Entered Level 4 of the Snake Pit
 25319 | Snake:4  | Noticed Kirke
 25334 | Snake:4  | Killed Kirke
 25342 | Snake:4  | Found a basalt altar of Yredelemnul.
 25436 | Snake:4  | Noticed Aizul
 25445 | Snake:4  | Noticed Mara
 25446 | Snake:4  | Killed Aizul
 25466 | Snake:4  | Killed Mara
 25467 | Snake:4  | Reached skill level 20 in Fighting
 25610 | Snake:4  | Found Ijedauz's Assorted Antiques.
 25618 | Snake:4  | Bought a puce potion for 35 gold pieces
 25618 | Snake:4  | Bought a scroll of acquirement for 2028 gold pieces
 25619 | Snake:4  | Acquired a manual of Spellcasting
 25814 | Snake:4  | Noticed Vashnia
 25900 | Snake:4  | Reached XP level 19. HP: 70/121 MP: 24/26
 25954 | Snake:4  | Killed Vashnia
 26026 | Snake:4  | Got a serpentine rune of Zot
 26119 | Snake:4  | Found Jaigh's Tremendous Tomes.
 26551 | Depths:1 | Entered Level 1 of the Depths
 27314 | Vaults:1 | Entered Level 1 of the Vaults
 27423 | Vaults:1 | Noticed Asterion
 27439 | Vaults:1 | Killed Asterion
 28009 | Vaults:1 | Reached skill level 21 in Fighting
 28367 | Vaults:1 | Reached XP level 20. HP: 124/129 MP: 27/27
 29078 | Depths:1 | Found a shadowy altar of Dithmenos.
 29281 | Depths:1 | Found a shadowy altar of Dithmenos.
 29283 | Depths:1 | Found a shadowy altar of Dithmenos.
 29283 | Depths:1 | Found a basalt altar of Yredelemnul.
 29285 | Depths:1 | Found a shimmering altar of Xom.
 29285 | Depths:1 | Found a white marble altar of Elyvilon.
 29285 | Depths:1 | Found a glowing silver altar of Zin.
 29336 | Depths:1 | Got the Quarto of Diablerie
 29838 | Depths:2 | Noticed a juggernaut
 29851 | Depths:2 | Killed a juggernaut
 30039 | Depths:2 | Identified the +0 cloak of Ylaunepe {-Tele rC- Regen+
                  | Dex+8}
 30237 | Depths:2 | Reached XP level 21. HP: 135/135 MP: 23/28
 30356 | Depths:2 | Found a one-way gate leading to the halls of Pandemonium.
 30570 | Depths:2 | Found a glowing silver altar of Zin.
 30583 | Depths:2 | Found a runed translucent door.
 30642 | Depths:2 | Reached skill level 22 in Fighting
 30774 | Depths:2 | Found a one-way gateway to a ziggurat.
 32260 | Vaults:2 | Found a staircase to the Crypt.
 32260 | Vaults:2 | Found an ancient bone altar of Kikubaaqudgha.
 32260 | Vaults:2 | Found a basalt altar of Yredelemnul.
 32286 | Vaults:2 | Found the +3 Elemental Staff {rElec rF++ rC++ AC+5}
 33430 | Vaults:3 | Reached XP level 22. HP: 135/142 MP: 27/29
 33637 | Vaults:3 | Learned a level 3 spell: Swiftness
 33735 | Vaults:3 | Reached skill level 1 in Spellcasting
 33855 | Vaults:3 | Reached skill level 5 in Spellcasting
 34302 | Vaults:4 | Reached skill level 1 in Air Magic
 34522 | Vaults:4 | Found a huge runed gate.
 34522 | Vaults:4 | Found a huge runed gate.
 34522 | Vaults:4 | Found a huge runed gate.
 34522 | Vaults:4 | Found a huge runed gate.
 34522 | Vaults:4 | Found a huge runed gate.
 34522 | Vaults:4 | Found a huge runed gate.
 34523 | Vaults:4 | Found a huge runed gate.
 34524 | Vaults:4 | Found a huge runed gate.
 34524 | Vaults:4 | Found a huge runed gate.
 34526 | Vaults:4 | Found a huge runed gate.
 34526 | Vaults:4 | Found a huge runed gate.
 34526 | Vaults:4 | Found a huge runed gate.
 34526 | Vaults:4 | Found a huge runed gate.
 34526 | Vaults:4 | Found a huge runed gate.
 34526 | Vaults:4 | Found a huge runed gate.
 34527 | Vaults:4 | Found a huge runed gate.
 34528 | Vaults:4 | Found a huge runed gate.
 34529 | Vaults:4 | Found a huge runed gate.
 34579 | Vaults:4 | Found a huge runed gate.
 34579 | Vaults:4 | Found a huge runed gate.
 34579 | Vaults:4 | Found a huge runed gate.
 34579 | Vaults:4 | Found a huge runed gate.
 34579 | Vaults:4 | Found a huge runed gate.
 34579 | Vaults:4 | Found a huge runed gate.
 34580 | Vaults:4 | Found a huge runed gate.
 34581 | Vaults:4 | Found a huge runed gate.
 34582 | Vaults:4 | Found a huge runed gate.
 34590 | Vaults:4 | Found a huge runed gate.
 34590 | Vaults:4 | Found a huge runed gate.
 34590 | Vaults:4 | Found a huge runed gate.
 34590 | Vaults:4 | Found a huge runed gate.
 34590 | Vaults:4 | Found a huge runed gate.
 34590 | Vaults:4 | Found a huge runed gate.
 34591 | Vaults:4 | Found a huge runed gate.
 34613 | Vaults:4 | Found a portal to a secret trove of treasure.
 34631 | Vaults:4 | You paid a toll of +4 storm dragon scales to enter a
                  | treasure trove
 34632 | Trove    | Entered a treasure trove
 34637 | Trove    | Found the +7 lajatang of Order {silver, rMut}
 34643 | Trove    | Identified the ring of Yxuazar {Str+4 Int+6 Dex-3}
 34653 | Trove    | Identified the +1 pair of gloves of Philately {rC- Dex+6}
 34656 | Trove    | Identified the ring "Faup" {rPois rF+++ Will+ Str+6 Stlth+}
 34662 | Trove    | Identified the +0 robe of Daask {rN+}
 34820 | Vaults:4 | Found a huge runed gate.
 34821 | Vaults:4 | Found a huge runed gate.
 35016 | Vaults:4 | Reached skill level 10 in Spellcasting
 35447 | Vaults:4 | Reached skill level 5 in Air Magic
 35632 | Vaults:5 | Entered Level 5 of the Vaults
 35679 | Vaults:5 | Noticed Boris
 35737 | Vaults:5 | Reached XP level 23. HP: 120/147 MP: 39/39
 35817 | Vaults:5 | Killed Boris
 35965 | Vaults:5 | Noticed a golden dragon
 35975 | Vaults:5 | Killed a golden dragon
 36038 | Vaults:5 | Reached skill level 15 in Dodging
 36070 | Vaults:5 | Identified the +3 robe "Wurocsua" {rF- rCorr Int+5 SInv
                  | Stlth+}
 36397 | Vaults:5 | Identified the ring "Xivvaz" {+Blink rCorr EV+4 Str+2 Int+7
                  | Slay-3}
 36482 | Vaults:5 | Noticed a golden dragon
 36490 | Vaults:5 | Killed a golden dragon
 36593 | Vaults:5 | Reached skill level 23 in Fighting
 36632 | Vaults:5 | Noticed Jory
 36646 | Vaults:5 | Killed Jory
 36706 | Vaults:5 | Paralysed by a floating eye for 3 turns
 36930 | Vaults:5 | Got a silver rune of Zot
 36939 | Vaults:5 | Identified the +9 shortbow of the Immovable Heavens {flame,
                  | Dex+3}
 37463 | Depths:3 | Found a corrupted altar of Lugonu.
 37546 | Depths:3 | Found a runed translucent gate.
 37546 | Depths:3 | Found a runed translucent gate.
 37546 | Depths:3 | Found a runed translucent gate.
 37547 | Depths:3 | Noticed Imio's ghost (adept DgCj)
 37609 | Depths:3 | Noticed a caustic shrike
 37609 | Depths:3 | Noticed a caustic shrike
 37610 | Depths:3 | Noticed a caustic shrike
 37611 | Depths:3 | Noticed a caustic shrike
 37612 | Depths:3 | Noticed a caustic shrike
 37626 | Depths:3 | Killed a caustic shrike
 37627 | Depths:3 | Killed a caustic shrike
 37632 | Depths:3 | Killed a caustic shrike
 37635 | Depths:3 | Killed a caustic shrike
 37637 | Depths:3 | Killed a caustic shrike
 37744 | Depths:3 | Noticed a golden dragon
 37754 | Depths:3 | Killed a golden dragon
 37819 | Depths:3 | Noticed a golden dragon
 37824 | Depths:3 | Killed a golden dragon
 37996 | Depths:3 | Reached XP level 24. HP: 150/153 MP: 40/40
 38109 | Depths:3 | Found a basalt altar of Yredelemnul.
 38629 | Depths:3 | Found a viscous altar of Jiyva.
 38654 | Depths:3 | Voluntarily entered the Abyss.
 39108 | Abyss:2  | Gained mutation: Your magical capacity is low. (-10% MP) [a
                  | neqoxec]
 39708 | Abyss:3  | Got an abyssal rune of Zot
 39922 | Depths:3 | Escaped the Abyss
 40011 | Depths:4 | Entered Level 4 of the Depths
 40014 | Depths:4 | Identified the +3 war axe "Wiokif" {elec, Str+4 Int+6}
 40353 | Depths:3 | Killed Imio's ghost
 40365 | Depths:3 | Identified the +1 scale mail of the Land of Plenty {rPois
                  | rN++}
 40457 | Depths:4 | Reached skill level 24 in Fighting
 40458 | Depths:4 | Reached XP level 25. HP: 160/160 MP: 36/36
 40535 | Depths:4 | Noticed Boris
 40545 | Depths:4 | Killed Boris
 40616 | Depths:4 | Found a gate to the Realm of Zot.
 40803 | Depths:4 | Found a runed translucent gate.
 40805 | Depths:4 | Found a runed translucent gate.
 40806 | Depths:4 | Found a runed translucent gate.
 40806 | Depths:4 | Noticed p0werm0de's ghost (adept PaIE)
 41509 | Depths:4 | Killed p0werm0de's ghost
 41530 | Depths:4 | Identified the +1 helmet "Gyrunude" {Str-5 Int+8}
 42076 | Slime:1  | Entered Level 1 of the Pits of Slime
 42757 | Slime:3  | Gained mutation: You are frail. (-10% HP) [a shining eye]
 42852 | Slime:2  | Lost mutation: Your magical capacity is low. (-10% MP)
                  | [potion of mutation]
 42852 | Slime:2  | Lost mutation: You are frail. (-10% HP) [potion of
                  | mutation]
 42852 | Slime:2  | Gained mutation: You sometimes lose your temper in combat.
                  | [potion of mutation]
 42852 | Slime:2  | Gained mutation: You have sharp toenails. [potion of
                  | mutation]
 42852 | Slime:2  | Gained mutation: You are strong-willed. (Will+) [potion of
                  | mutation]
 43007 | Slime:3  | Gained mutation: Armour fits poorly on your strangely
                  | shaped body. [a shining eye]
 43474 | Slime:5  | Entered Level 5 of the Pits of Slime
 43506 | Slime:5  | Gained mutation: You are dopey. (Int -2) [a shining eye]
 43522 | Slime:5  | Gained mutation: You are frail. (-10% HP) [a shining eye]
 43530 | Slime:5  | Lost mutation: You have sharp toenails. [potion of
                  | mutation]
 43530 | Slime:5  | Lost mutation: You sometimes lose your temper in combat.
                  | [potion of mutation]
 43530 | Slime:5  | Gained mutation: You are somewhat resistant to further
                  | mutation. [potion of mutation]
 43656 | Slime:4  | Gained mutation: You are very dopey. (Int -4) [a shining
                  | eye]
 44015 | Slime:5  | Found a viscous altar of Jiyva.
 44021 | Slime:5  | Paralysed by a floating eye for 4 turns
 44183 | Slime:5  | Noticed the Royal Jelly
 44198 | Slime:5  | Killed the Royal Jelly
 44841 | Slime:5  | Identified the +10 mace of Trauma {pain, rC+ Dex+4}
 44843 | Slime:5  | Got a slimy rune of Zot
 44885 | Slime:5  | Identified the +11 mace "Qeecutt" {protect, Int+3}
 44888 | Slime:5  | Identified the +7 falchion "Spider's Regret" {spect, rF-
                  | Str+3 Int+7}
 44893 | Slime:5  | Identified the ring "Herchon" {*Slow Str+6 Dex+6}
 45258 | Elf:1    | Entered Level 1 of the Elven Halls
 45294 | Elf:1    | Paralysed by an air elemental for 1 turns
 45684 | Elf:1    | Reached XP level 26. HP: 140/148 MP: 38/40
 45736 | Elf:1    | Lost mutation: Armour fits poorly on your strangely shaped
                  | body. [potion of mutation]
 45736 | Elf:1    | Lost mutation: You are strong-willed. (Will+) [potion of
                  | mutation]
 45736 | Elf:1    | Lost mutation: You are very dopey. (Int -4) [potion of
                  | mutation]
 45797 | Elf:1    | You are sucked into a shaft and drop 1 floor!
 45804 | Elf:2    | Noticed Jorgrun
 45825 | Elf:2    | Found a runed translucent gate.
 45825 | Elf:2    | Found a runed translucent gate.
 45838 | Elf:2    | Killed Jorgrun
 46291 | Elf:2    | Found a runed translucent gate.
 46407 | Elf:2    | Paralysed by an air elemental for 1 turns
 46604 | Elf:2    | Noticed Agnes
 46609 | Elf:2    | Killed Agnes
 46645 | Elf:2    | Found Paklexygy's Weapon Shoppe.
 46823 | Elf:3    | Entered Level 3 of the Elven Halls
 47237 | Elf:3    | Reached skill level 25 in Fighting
 47549 | Elf:3    | Identified the +4 war axe "Bulyfa" {freeze, rElec}
 48233 | Elf:3    | Paralysed by an air elemental for 1 turns
 48504 | Elf:3    | Identified the +7 long sword of Discord {pain, MP+9 Str+2}
 48527 | Elf:3    | Identified the +7 halberd of Embarrassment {speed, *Noise
                  | Will++ rCorr SInv}
 48532 | Elf:3    | Identified the ring "Haut" {rC+ rN+ Dex+3}
 49232 | Zig:1    | Entered Level 1 of a ziggurat
 49254 | Zig:2    | Entered Level 2 of a ziggurat
 49281 | Zig:3    | Entered Level 3 of a ziggurat
 49360 | Zig:4    | Entered Level 4 of a ziggurat
 49371 | Zig:4    | Gained mutation: You do not regenerate when monsters are
                  | visible. [a shining eye]
 49719 | Zig:5    | Entered Level 5 of a ziggurat
 49720 | Zig:5    | Noticed a royal mummy
 49730 | Zig:5    | Killed a royal mummy
 49744 | Zig:5    | Got the Tractate on Productive Excavation
 49757 | Zig:5    | Reached XP level 27. HP: 111/154 MP: 21/40
 49880 | Zig:6    | Entered Level 6 of a ziggurat
 49913 | Zig:6    | Got the Directory of the Hazy Throng
 50148 | Zig:7    | Entered Level 7 of a ziggurat
 50340 | Zig:7    | Identified the ring of Ocsyecser {rF+ Str+4 Int+4 Slay+2}
 50350 | Zig:8    | Entered Level 8 of a ziggurat
 50376 | Zig:8    | Lost mutation: You are frail. (-10% HP) [potion of
                  | mutation]
 50376 | Zig:8    | Lost mutation: You do not regenerate when monsters are
                  | visible. [potion of mutation]
 50376 | Zig:8    | Lost mutation: You are dopey. (Int -2) [potion of mutation]
 50379 | Zig:8    | Identified the +16 plate armour of the Trilobite {Int+2
                  | Dex+2}
 50400 | Zig:8    | Identified the +1 leather armour "Nujama Yggo" {+Blink
                  | rElec rCorr Int-3}
 50407 | Zig:8    | Identified the +8 sling "Bitoa" {vorpal, rPois Stlth+}
 50412 | Zig:9    | Entered Level 9 of a ziggurat
 50459 | Zig:9    | Paralysed by accursed screaming for 2 turns
 50763 | Zig:9    | Identified the ring of Boafirch {+Blink rF+ rC+++ Will+}
 50782 | Zig:10   | Entered Level 10 of a ziggurat
 51213 | Zig:10   | Got Sif Muna's Dissertation on Displaced Metamorphosis
 51273 | Zig:11   | Entered Level 11 of a ziggurat
 51297 | Zig:11   | Paralysed by a wendigo for 1 turns
 51313 | Zig:11   | Paralysed by a wendigo for 1 turns
 51747 | Zig:11   | Found the +7 Spriggan's Knife {stab, EV+4 Stlth+}
 51752 | Zig:11   | Identified the amulet of the Catfish {Spirit rF+ rCorr}
 51770 | Zig:11   | Identified the +5 battleaxe of Trauma {vamp, rPois}
 51772 | Zig:11   | Identified the ring of Plog {Fire rElec}
 51783 | Zig:11   | Got the Codex of Absolutism
 51825 | Zig:12   | Entered Level 12 of a ziggurat
 51857 | Zig:12   | Identified the ring "Jilimeob" {+Blink EV+4}
 52298 | Pan      | Entered Pandemonium
 52333 | Pan      | Paralysed by you for 2 turns
 52738 | Pan      | Noticed Fiyl the pandemonium lord
 52751 | Pan      | Killed Fiyl the pandemonium lord
 53395 | Pan      | Found an exit through the horrors of the Abyss.
 53875 | Pan      | Noticed Atab the pandemonium lord
 53895 | Pan      | Killed Atab the pandemonium lord
 55207 | Pan      | Reached skill level 26 in Fighting
 55277 | Pan      | Identified the +2 arbalest of Voracious Watchfulness
                  | {vorpal, rN++ Int+3 Dex+2}
 55585 | Pan      | Noticed Depnel the pandemonium lord
 55600 | Pan      | Killed Depnel the pandemonium lord
 55633 | Pan      | Gained mutation: Your body sometimes deteriorates upon
                  | taking damage. [a neqoxec]
 55924 | Pan      | Lost mutation: You are somewhat resistant to further
                  | mutation. [a neqoxec]
 56009 | Pan      | Gained mutation: Your body often deteriorates upon taking
                  | damage. [a cacodemon]
 57152 | Pan      | Found a runed translucent door.
 58036 | Pan      | Noticed Ohionwes the pandemonium lord
 58053 | Pan      | Killed Ohionwes the pandemonium lord
 58155 | Pan      | Entered the realm of Mnoleg.
 58218 | Pan      | Gained mutation: Your magical capacity is low. (-10% MP) [a
                  | cacodemon]
 58673 | Pan      | Gained mutation: Armour fits poorly on your strangely
                  | shaped body. [a neqoxec]
 58853 | Pan      | Noticed Mnoleg
 58868 | Pan      | Killed Mnoleg
 58982 | Pan      | Got a glowing rune of Zot
 59140 | Pan      | Gained mutation: You occasionally lose the ability to drink
                  | potions when taking damage. [a neqoxec]
 59360 | Pan      | Gained mutation: You occasionally shout uncontrollably at
                  | your foes. [a cacodemon]
 59993 | Pan      | Paralysed by accursed screaming for 2 turns
 60360 | Pan      | Reached skill level 15 in Invocations
 60541 | Pan      | Noticed Quorphul the pandemonium lord
 60549 | Pan      | Killed Quorphul the pandemonium lord
 61120 | Pan      | Identified the +8 falchion of Dividends {chaos, MP+9}
 61310 | Pan      | Lost mutation: Your magical capacity is low. (-10% MP)
                  | [potion of mutation]
 61310 | Pan      | Lost mutation: Your body often deteriorates upon taking
                  | damage. [potion of mutation]
 61310 | Pan      | Lost mutation: You occasionally shout uncontrollably at
                  | your foes. [potion of mutation]
 61310 | Pan      | Gained mutation: Your muscles are strong. (Str +4, Int/Dex
                  | -1) [potion of mutation]
 61310 | Pan      | Lost mutation: Your body sometimes deteriorates upon taking
                  | damage. [potion of mutation]
 61320 | Pan      | Noticed Muviofim the pandemonium lord
 61668 | Pan      | Killed Muviofim the pandemonium lord
 61731 | Pan      | Reached skill level 27 in Fighting
 61779 | Pan      | Found a runed translucent door.
 61790 | Pan      | Got a demonic rune of Zot
 62100 | Pan      | Lost mutation: You occasionally lose the ability to drink
                  | potions when taking damage. [potion of mutation]
 62100 | Pan      | Lost mutation: Armour fits poorly on your strangely shaped
                  | body. [potion of mutation]
 62100 | Pan      | Lost mutation: Your muscles are strong. (Str +4, Int/Dex
                  | -1) [potion of mutation]
 62100 | Pan      | Gained mutation: You are occasionally teleported next to
                  | monsters. [potion of mutation]
 62226 | Pan      | Noticed Unnoiz the pandemonium lord
 62981 | Pan      | Killed Unnoiz the pandemonium lord
 63027 | Pan      | Gained mutation: You are weak. (Str -2) [a neqoxec]
 63390 | Pan      | Gained mutation: You occasionally lose the ability to read
                  | scrolls when taking damage. [a neqoxec]
 63711 | Pan      | Lost mutation: You are occasionally teleported next to
                  | monsters. [potion of mutation]
 63711 | Pan      | Lost mutation: You occasionally lose the ability to read
                  | scrolls when taking damage. [potion of mutation]
 63711 | Pan      | Lost mutation: You are weak. (Str -2) [potion of mutation]
 63711 | Pan      | Gained mutation: You are agile. (Dex +4, Str/Int -1)
                  | [potion of mutation]
 63711 | Pan      | Lost mutation: You are agile. (Dex +4, Str/Int -1) [potion
                  | of mutation]
 63711 | Pan      | Gained mutation: You have sharp fingernails. [potion of
                  | mutation]
 63711 | Pan      | Gained mutation: You possess an exceptional clarity of
                  | mind. [potion of mutation]
 63839 | Pan      | Found an exit through the horrors of the Abyss.
 64390 | Pan      | Entered the realm of Cerebov.
 64390 | Pan      | Found the +6 sword of Cerebov {flame}
 64390 | Pan      | Noticed Cerebov
 64405 | Pan      | HP: 4/179 [balrug/divine providence (10)]
 64449 | Pan      | Acquired a manual of Stealth
 64450 | Pan      | Killed from afar by a Brimstone Fiend

Skill      XL: |  1  2  3  4  5  6  7  8  9 10 11 12 13 14 15 16 17 18 19 20 21 22 23 24 25 26 27 |
---------------+----------------------------------------------------------------------------------+-----
Maces & Flails | 3 4 6 7 9 11 13 15 16 17 18 19 21 | 21.7
Fighting       | 7 10 13 14 15 16 17 18 19 20 21 22 23 24 25 27 | 27.0
Invocations    | 2 5 7 9 10 11 16 | 16.1
Dodging        | 1 4 5 7 8 9 11 12 13 14 15 16 17 19 | 19.4
Armour         | 4 6 8 10 11 13 14 15 17 18 19 20 21 22 24 | 24.6
Shields        | 4 6 8 10 11 13 14 15 16 18 19 20 21 22 24 | 24.5
Spellcasting   | 12 13 | 13.0
Air Magic      | 6 7 |  7.4

Action                   |  1- 3 |  4- 6 |  7- 9 | 10-12 | 13-15 | 16-18 | 19-21 | 22-24 | 25-27 || total
-------------------------+-------+-------+-------+-------+-------+-------+-------+-------+-------++-------
Melee: Flail             |    62 |       |       |       |       |       |       |       |       ||    62
       Morningstar       |    63 |    97 |   180 |       |       |       |       |       |       ||   340
       Eveningstar       |       |       |   165 |   337 |   848 |  1295 |  1402 |  1337 |  1092 ||  6476
       Sacred scourge    |       |       |       |       |       |       |       |       |  1299 ||  1299
 Cast: Swiftness         |       |       |       |       |       |       |       |     4 |     5 ||     9
Invok: Ancestor Life: Ba |       |       |       |     1 |       |       |       |       |       ||     1
       Idealise          |       |       |       |       |     2 |     6 |     7 |     5 |    19 ||    39
       Recall Ancestor   |       |       |       |       |       |       |     3 |     3 |     5 ||    11
Evoke: Wand              |       |       |     1 |       |       |       |       |       |     5 ||     6
  Use: Scroll            |     3 |     5 |    18 |     6 |     7 |     9 |    11 |    10 |    40 ||   109
       Potion            |       |     1 |     2 |     3 |     3 |     4 |     6 |     5 |    30 ||    54
 Stab: Sleeping          |       |       |       |     2 |     1 |       |       |       |       ||     3
       Petrified         |       |       |       |     3 |       |       |       |       |       ||     3
       Distracted        |       |       |       |     1 |    12 |    21 |    23 |    26 |    35 ||   118
       Paralysed         |       |       |       |       |       |       |     1 |       |       ||     1
Armor: Scale mail        |    65 |    52 |   262 |       |       |       |       |       |       ||   379
       Acid dragon scale |       |       |       |    33 |    33 |       |       |       |       ||    66
       Plate armour      |       |       |       |   192 |   581 |   510 |       |   201 |       ||  1484
       Storm dragon scal |       |       |       |       |       |   434 |   702 |    53 |       ||  1189
       Gold dragon scale |       |       |       |       |       |       |       |   305 |  1089 ||  1394
       Skin              |       |       |       |       |       |       |       |       |    27 ||    27
Dodge: Dodged            |    76 |    39 |   166 |    81 |   279 |   649 |   603 |   303 |   622 ||  2818
Block: Buckler           |    33 |    18 |   108 |    84 |   327 |   783 |    97 |       |       ||  1450
       Reflection        |       |       |       |       |    11 |    83 |    27 |       |       ||   121
       Tower shield      |       |       |       |       |       |       |  1753 |  1453 |  2581 ||  5787

Levels and vault maps discovered:
D:1:      dpeg_arrival_renting, layout_basic, minmay_misc_feat_four_crosses,
          dreamdust_princess_bridge
D:2:      layout_loops_ring, basic_ecumenical_altar, basic_altar,
          minmay_misc_feat_room, uniq_sigmund, uniq_crazy_yiuf_cottage
D:3:      layout_basic
D:4:      layout_basic, nemelex_xobeh_ov_fountains_minmay,
          grunt_ashenzari_visionary [grunt_ashenzari_visionary_swamp,
          grunt_ashenzari_visionary_snake], portal_sewer_entry_d
D:5:      layout_basic, serial_shops, nicolae_shop_hallway_plus
D:6:      layout_basic, fedhas_altar_2, amethyst_overflow_temple_binary,
          uniq_prince_ribbit1, uniq_eustachio
D:7:      layout_loops_ring, temple_hall, kennysheep_minor_cross,
          serial_bayou_pond_d, uniq_menkaure
D:8:      layout_basic, uniq_maurice, uniq_maggie
D:9:      layout_loops_ring, nicolae_tso_carved_into_rock, serial_shops,
          nicolae_shop_temple_entry_statues_fountains, minmay_statues_item
D:10:     hellmonk_destroyed_diamonds, layout_basic,
          mainiacjoe_overflow_cross_hatched, orc_0_dummy
D:11:     layout_cave_pools
D:12:     layout_rooms, hellmonk_ghost_big_iron, kennysheep_generic_room_10
D:13:     layout_roguey, gauntlet_entry_generic, hangedman_ru_absence, uniq_urug
D:14:     cheibrodos_frozen_isle, layout_basic, ximxim_vaults_locker_room,
          serial_shops, shop_fountains, nicolae_eternal_life, uniq_azrael
D:15:     hangedman_depths_entry_civil_slaughter, layout_loops_cross,
          serial_bayou_pond_d
Temple:   hellmonk_temple_two_chambers
Lair:1:   layout_hall_layers, uniq_amaemon
Lair:2:   layout_roguey, minmay_snake_entry_six_corridors,
          minmay_lair_oklob_items, serial_bayou_shore_a
Lair:3:   layout_cave_pods, skrybe_swamp_entry_bodies, st_stairs_11,
          kilobyte_rumbling_trees
Lair:4:   layout_cellular_growth, nicolae_slime_entry_slimehenge,
          infiniplex_staircase_pool_2
Lair:5:   evil_forest, layout_cave_pods, gammafunk_ghost_abyssal_escape,
          grunt_megastairs_5
Swamp:1:  layout_basic_swamp, evilmike_swamp_ruin_house_6, swamp_pool4
Swamp:2:  layout_falls_marsh, nicolae_swamp_fairy_circle
Swamp:3:  layout_falls_marsh, evilmike_swamp_ruin_house_5
Swamp:4:  swamp_alternative, layout_basic_swamp, uniq_bai_suzhen
Snake:1:  gammafunk_sealed_library, layout_onion, basic_altar,
          nicolae_snake_scaly_snakehead
Snake:2:  layout_chambers, nicolae_triple_integral, uniq_louise
Snake:3:  layout_misc_corridors, serial_shops, nicolae_stop_n_shop_1,
          hellmonk_ghost_happy_afterlife
Snake:4:  johnstein_snake_rune_scales, layout_onion, basic_altar, serial_shops,
          shop, nicolae_shop_i_like_big_books, uniq_kirke, uniq_aizul,
          uniq_vashnia, uniq_mara
Slime:1:  layout_caves
Slime:2:  layout_caves
Slime:3:  layout_caves, special_room [special_room_jelly]
Slime:4:  layout_caves, nicolae_slime_phagocytosis
Slime:5
Orc:1:    gammafunk_beogh_shrine, layout_diamond_mine, serial_shops, shop
Orc:2:    st_orc_open, layout_caves, elves_outpost_lemuel
Elf:1:    layout_gridlike, basic_altar, hangedman_elf_represent
Elf:2:    nicolae_elf_blades_splatter_lattice [nooodl_blade_entry_preview],
          layout_geoelf_grid, portal_ice_cave_entry_ice_statue_two,
          serial_shops, shop, minivault_16, uniq_jorgrun, uniq_agnes
Elf:3:    elf_hall_gauntlet_narrow, layout_geoelf_castle
Vaults:1: nicolae_vaults_windows_and_doors_thing, hangedman_vaults_restitches,
          v_misc_27, vaults_room_fancy_cross, v_misc_26, v_rooms_3,
          vaults_room_semicircle, ontoclasm_vaults_fault, v_rooms_2,
          nicolae_vaults_asterisk, layout_vaults_omnigrid, uniq_asterion
Vaults:2: nicolae_vaults_good_morning_starshine, hangedman_vaults_stitches,
          minmay_crypt_entry_necro_gods, ontoclasm_vaults_tryst,
          nicolae_vaults_alarming, nicolae_vaults_angled_halls,
          hangedman_vaults_cutoff, vaults_dpeg_diagonal, vaults_room_fours,
          layout_vaults_chaotic_city
Vaults:3: ontoclasm_vaults_shuriken, v_misc_24, v_pattern_2,
          nicolae_vaults_three_branches, nicolae_vaults_twisting_passages,
          v_rooms_6, nicolae_vaults_network_quinsquares
          [nicolae_vaults_network_quincunx_subvault,
          nicolae_vaults_network_quincunx_subvault,
          nicolae_vaults_network_quincunx_subvault,
          nicolae_vaults_network_quincunx_subvault],
          nicolae_vaults_mini_display_case, hangedman_vaults_stretched_pinwheel,
          nicolae_vaults_little_squares_3, v_alt_pattern_4,
          grunt_vaults_hallway_short, hangedman_vaults_impose,
          layout_vaults_maze_snakey
Vaults:4: hangedman_vaults_river_flow, ontoclasm_vaults_gateway,
          not_door_vault_due, hangedman_vaults_locks, v_misc_12,
          vaults_mumra_lcd, nicolae_vaults_border_crossing,
          vaults_mumra_hexcomb, nicolae_vaults_angled_halls,
          vaults_standard_mumra_enter_the_diamond, nicolae_vaults_asterisk,
          vaults_mumra_chevron, layout_vaults_big_cross,
          nicolae_trove_entry_path_of_doom
Vaults:5: uniq_margery, uniq_boris, uniq_jory
Depths:1: nicolae_cairo_tiling_very_big, layout_gridlike, special_room
          [special_room_morgue], abyss_entry, hell_entry, grunt_dithmenos_smoke,
          doesnt_xom_only_xom
Depths:2: minmay_the_grid_triangle_9x9_recursive_2
          [minmay_the_grid_triangle_9x9_prize_center,
          minmay_the_grid_triangle_9x9_skeleton,
          minmay_the_grid_triangle_9x9_sparse_checkered,
          minmay_the_grid_triangle_9x9_checkered], layout_cave_shapes,
          enter_ziggurat_e, rand_demon_pan_entry_8, pf_hell_entry_great_geh,
          minmay_misc_feat_alley, lemuel_angel_altar
Depths:3: four-leaf_vault, layout_gridville, abyss_entry_flame_altar,
          gammafunk_ghost_ooze, grunt_metal_band,
          yredelemnul_forgotten_temple_becter
Depths:4: grunt_zot_entry_alcove, layout_gridlike, hell_entry, serial_curves,
          eino_curves_04, eino_curves_03, biasface_ghost_demon_polymorph,
          dk_noncrumbling_3
Pan:      evilmike_mini_pan_pillars_b, layout_grid_shapes, nicolae_pan_diamonds,
          layout_cross, nicolae_pan_cerebovesque_2, rand_demon_3,
          layout_irregular_city, pan_blood_fountain_small,
          nicolae_pan_mnolegish_4, rand_demon_9, layout_small_grid,
          pan_blood_fountain_small, pan_blood_fountain, mnoleg_st,
          layout_long_grid, evilmike_mini_pan_diamond, layout_pan_divisions_a
          [pan_division_quadrant_a1, pan_division_quadrant_a4,
          pan_division_quadrant_a3, pan_division_quadrant_a6,
          pan_division_octagon_rings], regret_index_pan_draining_boxed,
          layout_small_grid, nicolae_pan_lom_lobonic_4, grunt_pan_frozen_over,
          layout_gridlike, nicolae_pan_sigil_nadil, reaverb_pan_squares,
          rand_demon_5, layout_long_grid, pan_blood_fountain_small,
          evilmike_cerebov_lava, layout_irregular_city
